 Dungeon Crawl Stone Soup version 0.29.0-5-ge4962eb29e (webtiles) character file.

Game seed: 4335873756863858931

3595 Persephone the Fighter (level 9, -1/82 HPs)
             Began as a Minotaur Fighter on Aug 29, 2022.
             Was a Follower of Hepliaklqana.
             Slain by an acid dragon (2 damage)
             ... on level 8 of the Dungeon.
             The game lasted 00:15:40 (7664 turns).

Persephone the Fighter (Minotaur Fighter)           Turns: 7664, Time: 00:15:41

Health: -1/82      AC:  0    Str: 22    XL:     9   Next: 85%
Magic:  8/8        EV: 14    Int:  5    God:    Hepliaklqana [*.....]
Gold:   283        SH:  6    Dex: 16    Spells: 8/8 levels left

rFire   . . .      SeeInvis .   x - +9 sling of Dismay {freeze, Dex+3}
rCold   . . .      Faith    .   c - +0 buckler
rNeg    . . .      Spirit   .   f - +0 leather armour
rPois   .          Reflect  .   (helmet restricted)
rElec   .          Harm     .   (no cloak)
rCorr   .          Rampage  .   v - +0 pair of gloves
Will    .....                   (no boots)
Stlth   +.........              (no amulet)
HPRegen 0.23/turn               j - +4 ring of evasion
MPRegen 0.11/turn               (no ring)

@: corroded, studying Fighting
A: reduced essence, horns 2, retaliatory headbutt
a: Renounce Religion, Recall Ancestor, Ancestor Identity


You were on level 8 of the Dungeon.
You worshipped Hepliaklqana.
Hepliaklqana was aware of your devotion.
You visited 2 branches of the dungeon, and saw 9 of its levels.

You collected 283 gold pieces.

Inventory:

Hand Weapons
 a - a +1 vorpal long sword
 e - a +5 arbalest of freezing
 x - the +9 sling of Dismay (weapon) {freeze, Dex+3}
   (You found it on level 2 of the Dungeon)

   Any ammunition fired from it freezes those it strikes, dealing additional
   cold damage.
   It can also slow down cold-blooded creatures.
   Dex:       It affects your dexterity (+3).
Missiles
 w - 4 throwing nets
Armour
 c - a +0 buckler (worn)
 f - a +0 leather armour (worn)
 v - a +0 pair of gloves (worn)
Jewellery
 j - a +4 ring of evasion (left hand)
 s - a ring of wizardry
Wands
 C - a wand of flame (14)
Scrolls
 h - 3 scrolls of teleportation
 i - a scroll of poison
 n - a scroll of fear
 y - a scroll of blinking
 z - 2 scrolls of noise
 G - 2 scrolls of immolation
Potions
 b - a potion of attraction
 d - 2 potions of might
 g - 4 potions of heal wounds
 k - 2 potions of haste
 l - a potion of magic
 m - a potion of brilliance
 p - 4 potions of flight
 q - 3 potions of curing
 t - 2 potions of lignification
 u - a potion of degeneration {unknown}
 F - a potion of berserk rage {unknown}
 I - a potion of ambrosia {unknown}


   Skills:
 + Level 12.9 Fighting
 - Level 4.5 Long Blades
 * Level 10.3 Ranged Weapons
 - Level 3.6 Armour
 - Level 6.9 Shields


You had 8 spell levels left.
You didn't know any spells.
Your spell library contained the following spells:

 Spells                   Type           Power      Damage    Failure   Level
 Beastly Appendage        Tmut           0%         N/A       61%         1
 Magic Dart               Conj           0%         1d3       61%         1
 Blink                    Tloc           0%         N/A       75%         2
 Ensorcelled Hibernation  Hex/Ice        0%         N/A       75%         2
 Searing Ray              Conj           0%         2d4       75%         2
 Wereblood                Tmut           0%         N/A       75%         2
 Call Canine Familiar     Summ           0%         N/A       93%         3
 Dazzling Flash           Conj/Hex       0%         N/A       93%         3
 Lesser Beckoning         Tloc           0%         N/A       93%         3
 Portal Projectile        Hex/Tloc       0%         N/A       93%         3
 Spider Form              Tmut/Pois      0%         N/A       93%         3
 Anguish                  Hex/Necr       0%         N/A       100%        4
 Fulminant Prism          Conj/Hex       0%         3d6       100%        4
 Leda's Liquefaction      Hex/Erth       0%         N/A       100%        4
 Petrify                  Tmut/Erth      0%         N/A       100%        4
 Summon Ice Beast         Ice/Summ       0%         N/A       100%        4
 Summon Lightning Spire   Summ/Air       0%         N/A       100%        4
 Agony                    Necr           0%         N/A       100%        5
 Manifold Assault         Tloc           0%         N/A       100%        5
 Metabolic Englaciation   Hex/Ice        0%         N/A       100%        5
 Silence                  Hex/Air        0%         N/A       100%        5
 Statue Form              Tmut/Erth      0%         N/A       100%        6


Dungeon Overview and Level Annotations

Branches:
Dungeon (8/15)             Temple (1/1) D:7
   Lair: D:8-11

Altars:
Ashenzari
Cheibriados
Dithmenos
Elyvilon
Hepliaklqana
Kikubaaqudgha
Ru
Sif Muna
Uskayaw
Vehumet
Wu Jian
Yredelemnul

Shops:
D:1 (?(:?

Annotations:
D:7 3 runed translucent doors, howech's ghost, novice MiBe


Innate Abilities, Weirdness & Mutations

Your life essence is reduced to manifest your ancestor. (-10% HP)
You have a pair of horns on your head.
You reflexively headbutt those who attack you in melee.


Message History

Fire: x) +9 sling of Dismay {freeze, Dex+3}
Press: ? - help, Shift-Dir - straight line, f - acid dragon
Aim: an acid dragon (catching its breath, 75% to hit)
You shoot a sling bullet.
The sling bullet closely misses the acid dragon.
Fire: x) +9 sling of Dismay {freeze, Dex+3}
Press: ? - help, Shift-Dir - straight line, f/p - acid dragon
Aim: an acid dragon (catching its breath, 75% to hit)
You shoot a sling bullet. The sling bullet hits the acid dragon.
The sling bullet freezes the acid dragon.
The acid dragon is lightly wounded.
Fire: x) +9 sling of Dismay {freeze, Dex+3}
Press: ? - help, Shift-Dir - straight line, f/p - acid dragon
Aim: an acid dragon (lightly wounded, catching its breath, 75% to hit)
You shoot a sling bullet.
The sling bullet barely misses the acid dragon.
Fire: x) +9 sling of Dismay {freeze, Dex+3}
Press: ? - help, Shift-Dir - straight line, f/p - acid dragon
Aim: an acid dragon (lightly wounded, catching its breath, 75% to hit)
You shoot a sling bullet. The sling bullet hits the acid dragon.
The sling bullet freezes the acid dragon.
The acid dragon is moderately wounded.
A basilisk comes into view.
Fire: x) +9 sling of Dismay {freeze, Dex+3}
Press: ? - help, Shift-Dir - straight line, f/p - acid dragon
Aim: an acid dragon (moderately wounded, 75% to hit)
You shoot a sling bullet. The sling bullet hits the acid dragon.
The sling bullet freezes the acid dragon.
The acid dragon is heavily wounded.
The acid dragon bites you!
* * * LOW HITPOINT WARNING * * *
The acid dragon closely misses you.
Fire: x) +9 sling of Dismay {freeze, Dex+3}
Press: ? - help, Shift-Dir - straight line, f/p - acid dragon
Aim: an acid dragon (heavily wounded, 75% to hit)
You shoot a sling bullet. The sling bullet hits the acid dragon.
The sling bullet freezes the acid dragon.
The acid dragon is severely wounded.
The acid dragon bites you.
You die...

##.##...................#........
################################
# ### .. ## #.# ...##.# ###
#######. .....#.###.# #.##...#
..l...†....## ####..####
#....D@....###....##
##.#.###.........## # #####.#####
###


You could see a basilisk and an acid dragon.

Vanquished Creatures
  2 wyverns (D:8)
  A steam dragon (D:8)
  2 water moccasins (D:6)
  2 orc warriors
  2 black bears
  A sky beast (D:7)
  2 ogres (D:5)
  A centaur (D:5)
  3 phantoms
  2 kobold brigands
  A bullfrog (D:7)
  5 scorpions
  A gnoll sergeant (D:6)
  A necrophage (D:6)
  8 wights (D:6)
  A howler monkey (D:7)
  A jelly (D:7)
  7 orc priests
  A gnoll bouda (D:7)
  5 hounds
  Terence (D:3)
  An iguana (D:5)
  7 orc wizards
  Robin (D:3)
  7 gnolls
  9 adders
  2 white imps
  3 dart slugs
  2 worms (D:3)
  30 orcs
  4 bats
  An endoplasm (D:2)
  11 giant cockroaches
  16 goblins
  14 hobgoblins
  4 jackals
  16 kobolds
  3 quokkas
  5 ball pythons
  3 frilled lizards
  7 rats
196 creatures vanquished.

Vanquished Creatures (others)
  An ancestor (D:8)
1 creature vanquished.

Grand Total: 197 creatures vanquished

Notes
Turn   | Place    | Note
-------+----------+-------------------------------------------
     0 | D:1      | Persephone the Minotaur Fighter began the quest for the
                  | Orb.
     0 | D:1      | Reached XP level 1. HP: 19/19 MP: 0/0
    10 | D:1      | Found Ilogiot's Magic Scroll Shoppe.
   199 | D:1      | Reached XP level 2. HP: 20/27 MP: 1/1
   291 | D:1      | Found Zeunub's Weapon Emporium.
   291 | D:1      | Found Wassim's Magic Scroll Boutique.
   392 | D:1      | Reached skill level 4 in Fighting
   394 | D:1      | Found Yhotuado's Book Shoppe.
   557 | D:1      | Found Plog's Weapon Shoppe.
   680 | D:1      | Found a faded altar of an unknown god.
   979 | D:2      | Reached XP level 3. HP: 33/33 MP: 2/2
  1653 | D:2      | Reached XP level 4. HP: 40/41 MP: 3/3
  1739 | D:2      | Identified the +4 hand axe of Death {elec, +Blink Will-
                  | Dex+4}
  1775 | D:2      | Identified the +9 sling of Dismay {freeze, Dex+3}
  1967 | D:3      | Noticed a kobold brigand
  1971 | D:3      | Killed a kobold brigand
  1972 | D:3      | Reached skill level 5 in Fighting
  1972 | D:3      | Reached skill level 1 in Ranged Weapons
  1972 | D:3      | Reached XP level 5. HP: 48/48 MP: 4/4
  2058 | D:3      | Noticed Terence
  2061 | D:3      | Killed Terence
  2139 | D:3      | Noticed Robin
  2145 | D:3      | Killed Robin
  2407 | D:4      | Noticed a black bear
  2411 | D:4      | Killed a black bear
  2412 | D:4      | Reached skill level 6 in Fighting
  2412 | D:4      | Reached XP level 6. HP: 43/57 MP: 5/5
  2692 | D:4      | Noticed an orc warrior
  2704 | D:4      | Killed an orc warrior
  2705 | D:4      | Reached skill level 5 in Shields
  2705 | D:4      | Reached XP level 7. HP: 22/64 MP: 6/6
  3471 | D:5      | Entered Level 5 of the Dungeon
  3508 | D:5      | Reached skill level 7 in Fighting
  3757 | D:5      | Reached skill level 5 in Ranged Weapons
  3778 | D:5      | Reached XP level 8. HP: 74/74 MP: 7/7
  3991 | D:5      | Reached skill level 8 in Fighting
  4579 | D:5      | Identified 2 scrolls of acquirement
  4579 | D:5      | Acquired a +5 arbalest of freezing
  4581 | D:5      | Acquired a manual of Fighting
  4975 | D:6      | Reached skill level 9 in Fighting
  5275 | D:6      | Reached skill level 10 in Fighting
  5404 | D:6      | Reached XP level 9. HP: 86/86 MP: 8/8
  5624 | D:6      | Got Nileugy's Atlas of Invitation
  5664 | D:6      | Reached skill level 11 in Fighting
  6099 | D:7      | Found a runed translucent gate.
  6099 | D:7      | Noticed howech's ghost (novice MiBe)
  6103 | D:7      | Found a runed translucent gate.
  6104 | D:7      | Found a runed translucent gate.
  6157 | D:7      | Found a staircase to the Ecumenical Temple.
  6416 | Temple   | Entered the Ecumenical Temple
  6426 | Temple   | Became a worshipper of Hepliaklqana the Forgotten
  6549 | D:7      | Reached skill level 12 in Fighting
  7609 | D:8      | Reached * piety under Hepliaklqana
  7617 | D:8      | Reached skill level 10 in Ranged Weapons
  7663 | D:8      | HP: 1/82 [acid dragon (8)]
  7664 | D:8      | Slain by an acid dragon

Illustrated notes

Levels and vault maps discovered:
D:1:      heliophobic_arrival_battle_scene, layout_rooms,
          nicolae_ecumenical_lake_church, serial_shops, shop, shop,
          shop_fountains, shop, nicolae_shop_statue_plus
D:2:      minmay_roachtagon, layout_loops_ring, minmay_puff
D:3:      layout_rooms, uniq_terence, uniq_robin
D:4:      layout_gridville, guppyfry_early_orc_mine
D:5:      layout_layer_cave
D:6:      layout_basic, kennysheep_boxes
D:7:      layout_cave_pods, minmay_temple_entry_trees, gammafunk_ghost_split,
          nrook_mini_vaults
D:8:      layout_loops_ring, jmf_multi_god_temple, erik_lair_dragon,
          nicolae_kite_square_tiling_tiny, hangedman_decor_growths
Temple:   nicolae_temple_bog_church

Skill      XL: |  1  2  3  4  5  6  7  8  9 |
---------------+----------------------------+-----
Long Blades    | 3 4 |  4.5
Fighting       | 4 5 6 7 10 12 | 12.9
Ranged Weapons | 1 3 4 5 7 10 | 10.3
Shields        | 4 5 6 |  6.9
Armour         | |  3.6

Action                   |  1- 3 |  4- 6 |  7- 9 || total
-------------------------+-------+-------+-------++-------
Melee: Long sword        |   104 |     8 |       ||   112
       Headbutt          |    17 |       |       ||    17
       Sling             |       |       |     3 ||     3
 Fire: Sling             |       |   121 |   258 ||   379
  Use: Potion            |       |     1 |       ||     1
       Scroll            |       |       |    23 ||    23
Armor: Scale mail        |     4 |       |       ||     4
       Leather armour    |    26 |     8 |    13 ||    47
Dodge: Dodged            |    70 |    42 |    47 ||   159
Block: Buckler           |    26 |    13 |    14 ||    53
